 Dungeon Crawl Stone Soup version 0.18.1-1-g2f07953 (webtiles) character file.

520290 kspaans the Axe Maniac (level 24, -21/245 HPs)
             Began as a Minotaur Berserker on May 12, 2016.
             Was a High Priest of Trog.
             Killed from afar by an ancient lich (42 damage)
             ... with a poison arrow
             ... on level 5 of the Vaults on May 14, 2016.
             The game lasted 13:29:37 (65468 turns).

kspaans the Axe Maniac (Minotaur Berserker)        Turns: 65468, Time: 13:29:37

Health: -21/245    AC: 52    Str: 30    XL:     24   Next: 8%
Magic:  28/31      EV: 19    Int: 10    God:    Trog [*****.]
Gold:   2836       SH:  0    Dex: 29    Spells: 0 memorised, 23 levels left

rFire  + + .     SeeInvis .     z - +7 executioner's axe (flame)
rCold  . . .     Gourm    .     t - +16 plate armour of Rienif {Int+2}
rNeg   + + .     Faith    .     (shield currently unavailable)
rPois  .         Spirit   .     L - +2 hat
rElec  .         Dismiss  .     I - +2 cloak
rCorr  .         Reflect  .     E - +5 pair of gloves of Atoguhy Sucs {rF+ rN+}
SustAt .         Harm     .     c - +0 pair of boots of Hopscotch {*Corrode Int+4 Dex+3}
MR     +++..                    U - amulet of Suspected Treachery {rF+ Regen+ Dex+6}
Stlth  ..........               h - ring of Zuixac {+Blink Str+4}
                                B - ring "Wapeh" {rN+ Str+4}

@: lethally poisoned (-21 -> -26), regenerating, drained, extremely resistant to
hostile enchantments, extremely unstealthy
A: retaliatory headbutt, horns 2, weak 1
a: Berserk, Trog's Hand, Brothers in Arms, Burn Spellbooks, Renounce Religion,
Evoke Blink
}: 3/15 runes: decaying, serpentine, abyssal


You were on level 5 of the Vaults.
You worshipped Trog.
Trog was extremely pleased with you.
You were not hungry.

You visited 12 branches of the dungeon, and saw 50 of its levels.
You visited the Abyss 3 times.
You also visited: Ice Cave and Volcano.

You collected 5790 gold pieces.
You spent 2954 gold pieces at shops.

Inventory:

Hand Weapons
 d - a +4 battleaxe of freezing
 j - a +8 antimagic battleaxe
 w - the +2 executioner's axe of Terror {chop, rElec}
   (Trog gifted it to you on level 4 of the Depths)

   It inflicts extra damage upon your enemies.
   It insulates you from electricity.
 z - a +7 executioner's axe of flaming (weapon)
 G - the +14 obsidian axe {chop, +Fly Str+3 SInv *Curse}
   (You bought it in a shop on level 4 of the Depths)

   It inflicts extra damage upon your enemies.
   It affects your strength (+3).
   It lets you see invisible.
   It lets you fly.
   It may re-curse itself when equipped.
 H - a +2 battleaxe of holy wrath
Armour
 c - the +0 pair of boots of Hopscotch (worn) {*Corrode Int+4 Dex+3}
   (You acquired it on level 5 of the Lair of Beasts)

   It affects your intelligence (+4).
   It affects your dexterity (+3).
   It may corrode you when you take damage.
 t - the +16 plate armour of Rienif (worn) {Int+2}
   (You bought it in a shop on level 2 of the Orcish Mines)

   It affects your intelligence (+2).
 E - the +5 pair of gloves of Atoguhy Sucs (worn) {rF+ rN+}
   (You found it on level 2 of the Vaults)

   It protects you from fire.
   It protects you from negative energy.
 I - a +2 cloak (worn)
 L - a +2 hat (worn)
Rods
 n - a +7 rod of shadows (14/14)
   (You took it off a hell knight on level 3 of the Crypt)
Jewellery
 e - an uncursed amulet of the gourmand
 h - the ring of Zuixac (right hand) {+Blink Str+4}
   (You found it on level 8 of the Lair of Beasts)

   [ring of strength]

   It affects your strength (+4).
   It lets you blink.
 v - an uncursed amulet of guardian spirit
 B - the ring "Wapeh" (left hand) {rN+ Str+4}
   (You found it on level 3 of the Crypt)

   [ring of positive energy]

   It affects your strength (+4).
   It protects you from negative energy.
 C - an uncursed ring of ice
 N - an uncursed ring of poison resistance
 O - an uncursed ring of protection from magic
 U - the amulet of Suspected Treachery (around neck) {rF+ Regen+ Dex+6}
   (You found it on level 3 of the Crypt)

   [amulet of regeneration]

   It affects your dexterity (+6).
   It protects you from fire.
   It increases your rate of regeneration.
 Y - an uncursed ring of protection from fire
Wands
 a - a wand of digging (16/24)
 i - a wand of iceblast (0/15)
 r - a wand of disintegration (5/24)
 A - a wand of lightning (8/15)
 J - a wand of slowing (14/48)
 S - a wand of flame (0/48)
 V - a wand of enslavement (8/24)
Scrolls
 b - 4 scrolls of identify
 f - 5 scrolls of magic mapping
 o - 16 scrolls of teleportation
 p - a scroll of holy word
 u - 3 scrolls of silence
 x - 11 scrolls of remove curse
 T - 2 scrolls of blinking
Potions
 y - a potion of ambrosia
 D - a potion of resistance
 Q - a potion of cancellation
Miscellaneous
 s - a plain deck of defence {the Blade, drawn: 2}
 K - a plain deck of defence {drawn: 1}
 P - a plain deck of escape {the Banshee}
Comestibles
 m - a slice of pizza
 F - 10 bread rations
 R - 18 fruits
 X - 3 meat rations


   Skills:
 + Level 25.9(25.7) Fighting
 O Level 27(26.7) Axes
 - Level 2.0(1.9) Throwing
 * Level 24.3(24.1) Armour
 - Level 10.2(10.1) Dodging
 - Level 1.0(0.8) Stealth
 * Level 12.3(12.1) Evocations


You had 23 spell levels left.
You didn't know any spells.

Dungeon Overview and Level Annotations

Branches:
Dungeon (15/15)            Temple (1/1) D:7            Lair (8/8) D:11
  Swamp (4/4) Lair:4        Snake (4/4) Lair:6        Slime (1/6) Lair:7
    Orc (2/2) D:11            Elf (1/3) Orc:2        Vaults (5/5) D:14
  Crypt (3/3) Vaults:2       Tomb (1/3) Crypt:3      Depths (5/5) D:15
    Zot: Depths:5

Altars:
Ashenzari
Cheibriados
Fedhas
Gozag
Kikubaaqudgha
Nemelex Xobeh
Okawaru
Pakellas
Qazlal
Sif Muna
Trog
Vehumet
Xom
Yredelemnul
Zin
Beogh

Shops:
D:5 [   D:8 *   D:11 *   D:12 !   D:13 }   Orc:2 ((?[[:*}(   Vaults:1 (
Vaults:3 ?   Depths:4 (

Portals:
Hell: Depths:1 Depths:2 Depths:3 Depths:4
Abyss: Depths:3 Depths:4
Pandemonium: Depths:1 Depths:3

Annotations:
Lair:6 exclusion: oklob plant


Innate Abilities, Weirdness & Mutations

You reflexively headbutt those who attack you in melee.
You have a pair of horns on your head.
You are weak. (Str -2)


Message History

The ancient lich seems to speed up.
The frost giant hits you but does no damage.
You hear a shout!
The quicksilver dragon breathes dispelling energy at you.
The bolt of dispelling energy hits you!
* * * LOW HITPOINT WARNING * * *
The ancient lich touches you.
* * * LOW HITPOINT WARNING * * *
You partially resist.
You feel drained.
The frost giant points at you and mumbles some strange words.
The bolt of cold hits you!
* * * LOW HITPOINT WARNING * * *
The ancient lich touches you but does no damage.
A white very ugly thing comes into view.
A vault warden comes into view. It is wielding a battleaxe.
The vault guard shouts!
The vault warden shouts!
The ancient lich gestures at you while chanting.
The poison arrow hits you!
You are poisoned.
You die...

**,,*,,*,,#....#*,*,*,*,*,*,*,*,*
,,,...,#..#pp..#,*,*,#.*,*,*,*,*,
,,,...O#..#....#*,*,#.*.*,*,*,*,*
****#..#..#....#,*,#.*.#,*,*,*,*,
,,,,,..(..#....##.#.*.#,*,*,*,*,*
,,,,,,....#..*.#.#.*.#,*,*,*,*,*,
**######..#....u#.#.#,*,*,*,*,*,*
,,........#......#.#.*,*,*,*,*,*,
,,...........D..@.#.#,*,*,*,*,*,*
#########....p.....###***********
.†).[...)......CL......,,,,,,,,,,
.))......Q.X............,,,,,,,,,
########################*********


You could see a tentacled monstrosity, an ancient lich, a frost giant, a white
very ugly thing, a quicksilver dragon, a vault warden, a tengu reaver, 2 vault
guards and a battlesphere.

Vanquished Creatures
  An ancient lich (Crypt:3)
  Mennas (Depths:5)
  Mara (Crypt:2)
  Saint Roka (Orc:2)
  Norris (Vaults:1)
  Margery (Vaults:4)
  Jory (Depths:4)
  2 golden dragons
  A bone dragon (Abyss:2)
  3 liches
  A tentacled monstrosity (Depths:4)
  An Ice Fiend (IceCv)
  A shard shrike skeleton (Crypt:2)
  A titan (Vaults:4)
  A sphinx (Vaults:5)
  An acid blob (Slime:1)
  A thorn hunter (Swamp:2)
  8 tentacled starspawn
  9 greater nagas
  A shadow dragon (Depths:1)
  2 storm dragons (Vaults:4)
  3 tengu reavers
  A revenant (Abyss:2)
  Roxanne (D:15)
  6 fire giants
  A juggernaut zombie (Depths:2)
  Louise (Snake:3)
  5 frost giants
  Aizul (Snake:2)
  2 curse skulls (Crypt:1)
  An orc warlord (Orc:2)
  A draconian shifter (Depths:5)
  7 vault wardens
  31 very ugly things
  2 ghouls
  4 war gargoyles (Crypt:3)
  11 stone giants
  11 ironheart preservers
  4 vampire knights
  A black draconian (Depths:5)
  A white draconian (Depths:5)
  A dire elephant (Lair:8)
  2 salamander stormcallers
  2 deep elf annihilators (Vaults:2)
  A purple draconian (Depths:5)
  Snorg (Lair:4)
  A yellow draconian (Depths:5)
  2 deep elf death magi
  A blizzard demon (Abyss:1)
  2 crystal guardians (Crypt:3)
  13 vault guards
  2 eidola (Crypt:2)
  A quicksilver dragon zombie (Crypt:3)
  10 ettins
  Josephine (Lair:4)
  6 fire dragons
  17 jiangshi
  11 yaktaur captains
  Fannar (Lair:2)
  3 deep elf high priests
  9 great orbs of eyes
  19 naga warriors
  16 hydras
  A monstrous demonspawn (Depths:1)
  2 tengu warriors
  4 ice dragons
  4 rakshasas
  A spriggan air mage (Depths:4)
  A catoblepas (Lair:8)
  9 centaur warriors
  An entropy weaver (Depths:2)
  11 anacondas
  10 ogre magi
  4 death knights
  6 deep troll earth magi
  9 alligators
  7 dancing weapons
  9 deep troll shamans
  8 death yaks
  Urug (Lair:3)
  5 shock serpents
  7 vampire magi
  11 thrashing horrors
  2 spriggan berserkers
  A hell hog (shapeshifter) (Depths:5)
  2 orc high priests (Orc:2)
  Sonja (Lair:1)
  2 soul eaters
  The ghost of abeheron the Covert, a journeyman SpEn of Kikubaaqudgha (Lair:5)
  15 hell knights
  Nergalle (D:10)
  7 deep elf knights
  17 naga sharpshooters
  3 fire crabs
  2 wretched stars (Abyss:2)
  3 salamander mystics (Snake:3)
  10 spriggans
  22 skeletal warriors
  3 iron trolls
  3 shadow wraiths
  2 golden dragon zombies (Crypt:3)
  11 unseen horrors
  A storm dragon skeleton (Abyss:2)
  3 spriggan druids
  9 naga ritualists
  6 deep elf archers
  8 swamp dragons
  18 deep trolls
  13 hill giants
  4 flayed ghosts
  8 giant orange brains
  A lindwurm (Swamp:4)
  10 phantasmal warriors
  A shambling mangrove (Swamp:2)
  3 harpies (Vaults:3)
  6 mana vipers
  20 orc knights
  13 necromancers
  3 shadow dragon zombies
  19 deep elf magi
  12 ironbrand convokers
  4 orc sorcerers
  3 manticores
  A fire giant zombie (Crypt:3)
  5 wolf spiders
  5 griffons
  28 ugly things
  6 cyclopes
  2 sixfirhies
  2 worldbinders (Abyss:2)
  2 hornets
  16 salamanders
  7 elephants
  A frost giant skeleton (Vaults:2)
  5 guardian serpents
  A dire elephant zombie (Crypt:3)
  14 vault sentinels
  16 naga magi
  A fire giant skeleton (Vaults:2)
  45 black mambas
  3 gargoyles
  A human skeleton (Vaults:4)
  A molten gargoyle (Depths:2)
  An orange demon (Depths:1)
  An eye of devastation (shapeshifter) (Depths:4)
  A water nymph (shapeshifter) (Vaults:5)
  3 smoke demons (Abyss:2)
  26 spiny frogs
  2 human zombies (Vaults:2)
  7 komodo dragons
  A kobold demonologist (D:15)
  2 rime drakes
  An efreet (D:15)
  32 yaktaurs
  An iron troll zombie (Crypt:2)
  13 freezing wraiths
  8 ice devils
  A tormentor (Depths:1)
  A silent spectre (Abyss:2)
  4 anaconda simulacra (IceCv)
  A red devil (Depths:1)
  2 jumping spiders (shapeshifter)
  2 ancient zymes (Abyss:2)
  2 tengu conjurers
  4 polar bears
  13 trolls
  13 giant leeches
  A merfolk (shapeshifter) (Depths:5)
  A tengu simulacrum (Depths:1)
  14 two-headed ogres
  A death drake zombie (Crypt:1)
  2 jumping spiders
  9 raiju
  28 slime creatures
  A two-headed ogre (shapeshifter) (Vaults:4)
  12 blink frogs
  A sphinx simulacrum (Vaults:3)
  A hydra skeleton (Crypt:1)
  A fire dragon zombie (Crypt:3)
  6 boulder beetles
  5 bog bodies
  A raiju (shapeshifter) (Vaults:3)
  38 flying skulls
  7 air elementals
  4 wyverns
  28 starcursed masses (Abyss:2)
  An elf skeleton (Depths:2)
  8 large abominations
  4 tarantellas (shapeshifter)
  27 yaks
  6 water elementals (Depths:1)
  6 redbacks
  A spriggan (shapeshifter) (Vaults:2)
  2 shadows
  7 ynoxinuls
  A fire dragon skeleton (Crypt:3)
  2 ice dragon skeletons (Depths:1)
  15 wraiths
  A centaur simulacrum (D:15)
  A vampire (D:10)
  4 dire elephant simulacra (IceCv)
  5 basilisks
  A fire bat (Volcano)
  7 fire elementals
  14 vampire mosquitoes
  2 hungry ghosts
  5 steam dragons
  A neqoxec (Abyss:2)
  13 hippogriffs
  6 harpy simulacra (IceCv)
  5 wargs (Orc:2)
  3 iron troll simulacra (IceCv)
  4 insubstantial wisps (Swamp:3)
  50 nagas
  A swamp worm (shapeshifter) (Depths:3)
  28 swamp worms
  3 mottled dragons (Swamp:4)
  2 soldier ants (D:13)
  20 water moccasins
  A spiny frog zombie (Crypt:2)
  A hydra simulacrum (IceCv)
  A monstrous demonspawn zombie (Crypt:2)
  9 porcupines
  A giant eyeball (Depths:5)
  2 black bears
  61 orc warriors
  5 sky beasts
  4 swamp drakes
  2 elf zombies (Vaults:4)
  5 necrophages
  2 ice beasts
  A black bear (shapeshifter) (Depths:3)
  17 wasps
  3 phantoms
  A snapping turtle skeleton (Crypt:3)
  46 ogres
  An eye of draining (D:13)
  22 wolves
  15 boggarts
  16 centaurs
  11 crocodiles
  2 big kobolds
  A rime drake skeleton (Crypt:1)
  A wyvern zombie (D:12)
  23 giant frogs
  7 small abominations
  A gnoll sergeant (D:10)
  2 water moccasin zombies
  An earth elemental (Elf:1)
  A wyvern skeleton (D:12)
  7 scorpions
  A raiju zombie (Crypt:1)
  A hippogriff zombie (Crypt:1)
  27 killer bees
  17 wights
  A wolf zombie (Crypt:1)
  5 electric eels
  8 centaur zombies
  A lava snake (Volcano)
  7 crimson imps
  2 quasits
  3 draconian simulacra (IceCv)
  3 giant frog zombies
  7 hounds
  A human simulacrum (Vaults:4)
  13 orc priests
  2 giant frog skeletons
  A gnoll shaman (D:4)
  31 orc wizards
  Crazy Yiuf (D:3)
  5 centaur skeletons
  10 jellies
  2 iron imps
  9 iguanas
  Natasha (thrice) (D:2)
  A porcupine zombie (Crypt:1)
  4 troll simulacra (IceCv)
  10 worker ants
  25 sheep
  A spriggan simulacrum (IceCv)
  A wolf simulacrum (IceCv)
  An ogre skeleton (Crypt:3)
  2 worker ant zombies
  A howler monkey skeleton (D:7)
  11 gnolls
  9 adders
  A naga simulacrum (IceCv)
  72 river rats
  3 shadow imps
  28 white imps
  8 ufetubi
  An ooze (D:2)
  An adder zombie (D:5)
  2 adder skeletons
  7 worms
  2 dart slugs
  4 giant geckos
  105 orcs
  7 giant cockroaches
  4 goblins
  9 hobgoblins
  3 jackals (D:7)
  15 kobolds
  4 quokkas
  3 ball pythons (Lair:6)
  A ball python zombie (Crypt:1)
  20 bats
  A giant gecko zombie (D:7)
  5 giant newts
  A quokka skeleton (D:7)
  17 rats
  2 rat zombies (Crypt:2)
  4 briar patches (Swamp:2)
  A fire vortex (Vaults:2)
  16 fungi
  3 lurking horrors
  12 plants
  8 starspawn tentacles
2232 creatures vanquished.

Vanquished Creatures (collateral kills)
  Sojobo (Vaults:4)
  A bone dragon (Crypt:3)
  A lich (Crypt:3)
  A tentacled monstrosity (Vaults:5)
  A tentacled starspawn (Abyss:2)
  A shadow dragon (Vaults:5)
  A fire giant (Vaults:3)
  2 greater nagas (Snake:4)
  An orc warlord (Orc:2)
  A balrug (Depths:3)
  A ghoul (Crypt:2)
  A stone giant (Depths:3)
  A very ugly thing (Depths:2)
  An ironheart preserver (Vaults:2)
  A spriggan defender (Depths:4)
  A vampire knight (Crypt:2)
  A lorocyproca (Abyss:2)
  A deep elf annihilator (Vaults:2)
  4 fire dragons
  An ettin (Vaults:5)
  3 hydras (Swamp:4)
  4 naga warriors
  A death knight (Crypt:1)
  An ogre mage (Vaults:5)
  A dancing weapon (Elf:1)
  A sun demon (Depths:3)
  A deep elf knight (Vaults:2)
  7 skeletal warriors
  3 slime creatures
  A golden dragon zombie (Crypt:3)
  An unseen horror (Abyss:3)
  2 swamp dragons (Swamp:4)
  A naga ritualist (Snake:4)
  A shambling mangrove (Swamp:1)
  An ironbrand convoker (Vaults:1)
  2 necromancers (Crypt:3)
  An orc knight (Vaults:1)
  A salamander (shapeshifter) (Abyss:2)
  A hornet (Vaults:2)
  2 oklob plants (Lair:7)
  2 ugly things
  2 salamanders
  A guardian serpent (Snake:2)
  A moth of wrath (shapeshifter) (Vaults:4)
  3 naga magi
  An ice statue (IceCv)
  A molten gargoyle (Volcano)
  2 black mambas (Snake:2)
  A guardian serpent (shapeshifter) (Elf:1)
  A fire giant skeleton (Crypt:3)
  2 freezing wraiths (Crypt:1)
  A dire elephant skeleton (Crypt:3)
  A yaktaur (shapeshifter) (Vaults:2)
  A yaktaur (Vaults:1)
  A golden dragon simulacrum (IceCv)
  An ice devil (Abyss:2)
  An ancient zyme (Abyss:2)
  A queen bee (Lair:3)
  2 two-headed ogres (Vaults:5)
  4 flying skulls (Crypt:3)
  A black mamba zombie (Crypt:3)
  A water elemental (Elf:1)
  A wraith (Crypt:1)
  A hungry ghost (Abyss:2)
  A neqoxec (Abyss:2)
  A chaos spawn (Abyss:2)
  2 vampire mosquitoes (Swamp:4)
  3 mottled dragons (Swamp:4)
  9 nagas
  2 swamp drakes (Swamp:4)
  3 orc warriors
  A sky beast (D:11)
  2 wasps (Swamp:1)
  2 necrophages (Crypt:2)
  4 ogres
  A yaktaur skeleton (Crypt:2)
  4 killer bees (Lair:3)
  A crimson imp (Abyss:3)
  3 starcursed masses (Abyss:2)
  A jelly (D:11)
  4 orc wizards
  2 river rats (D:11)
  3 white imps
  An ufetubus (IceCv)
  6 orcs
  A fungus (D:11)
  A starspawn tentacle (Abyss:1)
152 creatures vanquished.

Vanquished Creatures (others)
  A fire giant (Depths:4)
  A draconian zealot (Depths:5)
  A starcursed mass (Abyss:2)
  An ogre mage (Vaults:1)
  A naga mage (Snake:4)
  2 slime creatures (Swamp:4)
  A redback (Depths:2)
  A water elemental (Elf:1)
  A naga (Snake:4)
  A mottled dragon (Vaults:2)
  An orc warrior (Vaults:3)
  An ogre (Vaults:5)
  A centaur (Depths:1)
  A briar patch (Swamp:2)
  A bush (D:12)
  10 fungi
  8 lost souls
  A lurking horror (Abyss:3)
  8 plants
  13 starspawn tentacles
  96 starspawn tentacle segments
152 creatures vanquished.

Grand Total: 2536 creatures vanquished

Notes
Turn   | Place    | Note
--------------------------------------------------------------
     0 | D:1      | kspaans the Minotaur Berserker began the quest for the Orb.
     0 | D:1      | Reached XP level 1. HP: 19/19 MP: 0/0
   141 | D:1      | Reached XP level 2. HP: 27/27 MP: 1/1
   415 | D:1      | Reached skill level 4 in Axes
   716 | D:2      | Reached ** piety under Trog
   756 | D:2      | Found a radiant altar of Vehumet.
   776 | D:2      | Reached XP level 3. HP: 27/33 MP: 2/2
   789 | D:2      | Noticed Natasha
   796 | D:2      | Killed Natasha
  1029 | D:2      | Found a snail-covered altar of Cheibriados.
  1042 | D:2      | Reached XP level 4. HP: 34/40 MP: 3/3
  1082 | D:2      | Noticed Natasha
  1087 | D:2      | Killed Natasha
  1087 | D:2      | Reached skill level 5 in Axes
  1134 | D:2      | Noticed Natasha
  1139 | D:2      | Killed Natasha
  1631 | D:2      | Reached XP level 5. HP: 47/47 MP: 4/4
  1749 | D:3      | Noticed Crazy Yiuf
  1755 | D:3      | Killed Crazy Yiuf
  2183 | D:3      | Found a sparkling altar of Nemelex Xobeh.
  2252 | D:3      | Reached *** piety under Trog
  2255 | D:3      | Reached skill level 1 in Stealth
  2622 | D:4      | Found a stormy altar of Qazlal.
  2687 | D:4      | Reached XP level 6. HP: 53/53 MP: 5/5
  2753 | D:4      | Reached skill level 5 in Armour
  2986 | D:4      | You fall through a shaft for 2 floors!
  2986 | D:6      | Noticed a sky beast
  3052 | D:6      | Reached skill level 5 in Fighting
  3065 | D:6      | Reached skill level 6 in Axes
  3089 | D:6      | Killed a sky beast
  3089 | D:6      | Reached XP level 7. HP: 61/61 MP: 6/6
  3165 | D:5      | Entered Level 5 of the Dungeon
  3918 | D:5      | Found an iron altar of Okawaru.
  3923 | D:5      | Reached **** piety under Trog
  4026 | D:4      | Reached skill level 7 in Axes
  4344 | D:5      | Reached XP level 8. HP: 65/69 MP: 7/7
  4498 | D:5      | Noticed a moth of wrath
  4501 | D:5      | Found a bloodstained altar of Trog.
  4667 | D:5      | Found a basalt altar of Yredelemnul.
  4733 | D:5      | Found Oxoxzeof's Antique Armour Boutique.
  5126 | D:6      | Found a shattered altar of Ashenzari.
  5340 | D:6      | Found a glowing silver altar of Zin.
  5536 | D:7      | Reached skill level 8 in Axes
  5708 | D:7      | Found a staircase to the Ecumenical Temple.
  5717 | Temple   | Entered the Ecumenical Temple
  5917 | D:7      | Received a gift from Trog
  6067 | D:7      | Reached XP level 9. HP: 75/75 MP: 8/8
  6351 | D:8      | Reached skill level 9 in Axes
  6351 | D:8      | Reached skill level 5 in Dodging
  6657 | D:8      | Found an ancient bone altar of Kikubaaqudgha.
  6657 | D:8      | Found an oddly glowing altar of Pakellas.
  6713 | D:8      | Reached skill level 10 in Armour
  6898 | D:8      | Found an opulent altar of Gozag.
  6971 | D:8      | Found Loteras's General Store.
  6998 | D:8      | Reached skill level 10 in Axes
  7276 | D:8      | Bought a potion of heal wounds for 60 gold pieces
  7276 | D:8      | Bought a scroll of identify for 24 gold pieces
  7276 | D:8      | Bought a scroll of identify for 24 gold pieces
  7748 | D:9      | Found a blossoming altar of Fedhas.
  8159 | D:10     | Entered Level 10 of the Dungeon
  8179 | D:10     | You fall through a shaft for 2 floors!
  8198 | D:11     | Found a staircase to the Orcish Mines.
  8566 | D:11     | Reached ***** piety under Trog
  8583 | D:11     | Reached XP level 10. HP: 61/86 MP: 6/9
  8845 | D:11     | Noticed a cyclops
  8858 | D:11     | Killed a cyclops
  8858 | D:11     | Reached skill level 11 in Axes
  9509 | D:11     | Noticed a hill giant
  9516 | D:11     | Killed a hill giant
  9892 | D:11     | Noticed a purple ugly thing
  9925 | D:11     | Killed a purple ugly thing
  9925 | D:11     | Reached skill level 12 in Axes
 10533 | D:11     | Got a scorched dagger
 10538 | D:11     | Found Epauputz's Assorted Antiques.
 10583 | D:11     | Bought a scroll of identify for 62 gold pieces
 10583 | D:11     | Bought a scroll of identify for 62 gold pieces
 10583 | D:11     | Bought a scroll of identify for 62 gold pieces
 10667 | D:11     | Received a gift from Trog
 10679 | D:11     | Found a staircase to the Lair.
 10685 | D:11     | Reached XP level 11. HP: 95/95 MP: 10/10
 10760 | D:11     | Noticed a skeletal warrior
 10762 | D:11     | Noticed a skeletal warrior
 10767 | D:11     | Noticed a skeletal warrior
 10777 | D:11     | Killed a skeletal warrior
 10779 | D:11     | Killed a skeletal warrior
 10786 | D:11     | Killed a skeletal warrior
 11150 | D:11     | Noticed a hill giant
 11165 | D:11     | Killed a hill giant
 11214 | D:11     | Identified the +5 dagger "Egg" {pain, SInv} (You found it on level 11 of the Dungeon)
 11427 | D:10     | Found a blossoming altar of Fedhas.
 11429 | D:10     | Noticed a hill giant
 11432 | D:10     | Killed a hill giant
 11615 | D:10     | Reached skill level 13 in Axes
 11758 | D:10     | Noticed Nergalle
 11806 | D:10     | Killed Nergalle
 12413 | D:13     | Noticed a hill giant
 12612 | D:12     | Found Sussizit's Distillery.
 12620 | D:12     | Bought a potion of heal wounds for 60 gold pieces
 12965 | D:12     | Received a gift from Trog
 12968 | D:12     | Got a translucent great sword {god gift}
 12973 | D:12     | Identified the +2 great sword "Cimuill" {slice, Str+3 Dex+4} (Trog gifted it to you on level 12 of the Dungeon)
 13327 | D:12     | Reached skill level 14 in Axes
 13422 | D:12     | Noticed a white ugly thing
 13433 | D:12     | Killed a white ugly thing
 14275 | Lair:1   | Entered Level 1 of the Lair of Beasts
 14302 | Lair:1   | Reached XP level 12. HP: 88/105 MP: 8/11
 14837 | Lair:1   | Noticed Sonja
 14855 | Lair:1   | Cast into level 2 of the Abyss (Sonja)
 15130 | Lair:1   | Escaped the Abyss
 15230 | Lair:1   | Killed Sonja
 15667 | Lair:1   | Reached skill level 15 in Axes
 15805 | Lair:1   | Reached skill level 10 in Fighting
 16826 | Lair:2   | Noticed Fannar
 16837 | Lair:2   | Killed Fannar
 17421 | Lair:3   | Reached skill level 16 in Axes
 17656 | Lair:3   | Reached skill level 15 in Armour
 18138 | Lair:3   | Noticed Urug
 18154 | Lair:3   | Killed Urug
 18498 | Lair:3   | Received a gift from Trog
 18809 | Lair:3   | Reached XP level 13. HP: 114/114 MP: 12/12
 19385 | Lair:4   | Identified a scroll of acquirement
 19536 | Lair:4   | Noticed Snorg
 19549 | Lair:4   | Killed Snorg
 19549 | Lair:4   | Reached skill level 17 in Axes
 19842 | Lair:4   | Noticed Josephine
 19849 | Lair:4   | Killed Josephine
 19964 | Lair:4   | Found a staircase to the Swamp.
 20313 | Lair:5   | Received a gift from Trog
 20495 | Lair:5   | Got a pair of ichor-stained boots
 20502 | Lair:5   | Identified the +0 pair of boots of Hopscotch {*Corrode Int+4 Dex+3} (You acquired it on level 5 of the Lair of Beasts)
 20861 | Lair:5   | Noticed abeheron's ghost (journeyman SpEn)
 20881 | Lair:5   | Killed abeheron's ghost
 21202 | Lair:5   | Reached skill level 1 in Throwing
 21568 | Lair:6   | Reached skill level 18 in Axes
 21663 | Lair:6   | Found a staircase to the Snake Pit.
 21829 | Lair:6   | Received a gift from Trog
 21829 | Lair:6   | Reached skill level 1 in Evocations
 21830 | Lair:6   | Got a shimmering quarterstaff {god gift}
 21846 | Lair:6   | Identified the +1 quarterstaff of Free Will {crush, Dex+3 Stlth+} (Trog gifted it to you on level 6 of the Lair of Beasts)
 22821 | Lair:7   | Reached XP level 14. HP: 124/124 MP: 10/14
 23156 | Lair:7   | Received a gift from Trog
 23711 | Lair:7   | Found a staircase to the Slime Pits.
 23778 | Lair:8   | Entered Level 8 of the Lair of Beasts
 23795 | Lair:7   | Reached skill level 19 in Axes
 23939 | Lair:8   | Found a glowing silver altar of Zin.
 24370 | Lair:8   | Found a dark tunnel.
 24383 | Volcano  | Entered a volcano
 24748 | Volcano  | Found a burning altar of Makhleb.
 25172 | Lair:8   | Got an ancient ivory ring
 25174 | Lair:8   | Identified the ring of Zuixac {+Blink Str+4} (You found it on level 8 of the Lair of Beasts)
 25693 | Lair:8   | Received a gift from Trog
 26048 | Orc:1    | Entered Level 1 of the Orcish Mines
 26230 | Orc:2    | Entered Level 2 of the Orcish Mines
 26230 | Orc:2    | Found Viabburo's Weapon Boutique.
 26242 | Orc:2    | Reached skill level 20 in Axes
 26276 | Orc:2    | Found Biadd's Antique Armour Shoppe.
 26290 | Orc:2    | Found Rotea's Antique Armour Emporium.
 26292 | Orc:2    | Found a staircase to the Elven Halls.
 26321 | Orc:2    | Noticed Saint Roka
 26699 | Orc:2    | Killed Saint Roka
 26765 | Orc:2    | Bought a pitted plate armour for 840 gold pieces
 26775 | Orc:2    | Identified the +16 plate armour of Rienif {Int+2} (You bought it in a shop on level 2 of the Orcish Mines)
 26776 | Orc:2    | Noticed an orc warlord
 26785 | Orc:2    | Killed an orc warlord
 26790 | Orc:2    | Reached XP level 15. HP: 134/134 MP: 15/15
 26801 | Orc:2    | Reached ****** piety under Trog
 26846 | Orc:2    | Found Loabasoi's Magic Scroll Emporium.
 26860 | Orc:2    | Received a gift from Trog
 26871 | Orc:2    | Bought a scroll of enchant armour for 97 gold pieces
 26871 | Orc:2    | Bought a scroll of identify for 26 gold pieces
 26871 | Orc:2    | Bought a scroll of identify for 26 gold pieces
 26871 | Orc:2    | Bought a scroll of identify for 26 gold pieces
 26909 | Orc:2    | Noticed an orc warlord
 26909 | Orc:2    | Found Yntyira's Book Shoppe.
 26942 | Orc:2    | Killed an orc warlord
 27177 | Orc:1    | Received a gift from Trog
 27266 | Orc:2    | Found a roughly hewn altar of Beogh.
 27451 | Orc:2    | Found Emmiex's Gadget Shoppe.
 27453 | Orc:2    | Found Bydgheati's Antique Weapon Boutique.
 27609 | Orc:2    | Found Mili's General Store.
 27617 | Orc:2    | Bought a scroll of identify for 28 gold pieces
 27655 | Orc:2    | Found Oshranacsae's Antique Weapon Shoppe.
 28050 | D:13     | Found a deep blue altar of Sif Muna.
 28241 | D:13     | Found Kusiklyerr's Gadget Shop.
 28323 | D:14     | Reached skill level 21 in Axes
 28408 | D:14     | Found a gate to the Vaults.
 28972 | D:15     | Entered Level 15 of the Dungeon
 29223 | D:15     | Received a gift from Trog
 29226 | D:15     | Noticed Roxanne
 29253 | D:15     | Found a blossoming altar of Fedhas.
 29883 | D:15     | Found a staircase to the Depths.
 30016 | D:15     | Reached skill level 22 in Axes
 30251 | Elf:1    | Entered Level 1 of the Elven Halls
 31256 | Elf:1    | Reached XP level 16. HP: 144/144 MP: 5/16
 31836 | Swamp:1  | Entered Level 1 of the Swamp
 32146 | Swamp:1  | Received a gift from Trog
 32858 | Swamp:2  | Received a gift from Trog
 33254 | Swamp:2  | Found a frozen archway.
 33269 | IceCv    | Entered an ice cave
 33480 | IceCv    | Reached skill level 23 in Axes
 34241 | IceCv    | Noticed an Ice Fiend
 34254 | IceCv    | Killed an Ice Fiend
 34523 | Swamp:2  | Noticed a thorn hunter
 34536 | Swamp:2  | Killed a thorn hunter
 35571 | Swamp:3  | Received a gift from Trog
 35803 | Swamp:4  | Entered Level 4 of the Swamp
 36495 | Swamp:4  | Reached XP level 17. HP: 124/154 MP: 15/18
 36803 | Swamp:4  | Reached skill level 24 in Axes
 37068 | Swamp:4  | Received a gift from Trog
 37200 | Swamp:4  | Got a decaying rune of Zot
 37390 | Snake:1  | Entered Level 1 of the Snake Pit
 38548 | Snake:2  | Reached skill level 15 in Fighting
 38753 | Snake:2  | Noticed Aizul
 38764 | Snake:2  | Killed Aizul
 38764 | Snake:2  | Received a gift from Trog
 39965 | Snake:3  | Reached skill level 25 in Axes
 40222 | Snake:3  | Got an encrusted chain mail
 40233 | Snake:3  | Identified the cursed +1 chain mail of the Eight Boll Weevils {rF+ rC+ rCorr Dex-5} (You found it on level 3 of the Snake Pit)
 40249 | Snake:3  | Noticed Louise
 40260 | Snake:3  | Killed Louise
 40743 | Snake:4  | Entered Level 4 of the Snake Pit
 40979 | Snake:4  | Reached XP level 18. HP: 163/163 MP: 17/19
 41014 | Snake:4  | Received a gift from Trog
 42425 | Snake:4  | Received a gift from Trog
 43007 | Snake:4  | Reached skill level 26 in Axes
 43267 | Snake:4  | Got a serpentine rune of Zot
 43462 | Snake:1  | You fall through a shaft!
 44173 | Elf:1    | Received a gift from Trog
 44198 | Elf:1    | Noticed a Brimstone Fiend
 44204 | Elf:1    | Noticed a Hell Sentinel
 44227 | Elf:1    | HP: 2/166 [Hell Sentinel/damnation[a deep elf demonologist] (28)]
 44610 | Elf:1    | Cast into level 2 of the Abyss (a deep elf demonologist)
 44610 | Abyss:2  | Found a corrupted altar of Lugonu.
 44664 | Abyss:2  | Found a corrupted altar of Lugonu.
 44717 | Abyss:2  | Reached skill level 10 in Dodging
 44984 | Elf:1    | Escaped the Abyss
 45419 | Slime:1  | Entered Level 1 of the Pits of Slime
 45841 | Vaults:1 | Entered Level 1 of the Vaults
 45848 | Vaults:1 | Reached XP level 19. HP: 174/174 MP: 20/20
 46275 | Vaults:1 | Noticed Norris
 46290 | Vaults:1 | Paralysed by Norris for 6 turns
 46301 | Vaults:1 | Killed Norris
 46331 | Vaults:1 | Found Simysun's Weapon Shoppe.
 46663 | Vaults:1 | Received a gift from Trog
 48117 | Vaults:2 | Received a gift from Trog
 48154 | Vaults:2 | Found a staircase to the Crypt.
 48515 | Vaults:2 | Reached skill level 5 in Evocations
 48731 | Vaults:2 | Got a pair of shimmering gloves
 48742 | Vaults:2 | Identified the +5 pair of gloves of Atoguhy Sucs {rF+ rN+} (You found it on level 2 of the Vaults)
 49046 | Vaults:2 | Received a gift from Trog
 49729 | Vaults:2 | Received a gift from Trog
 50120 | Vaults:3 | Reached XP level 20. HP: 189/189 MP: 23/23
 50242 | Vaults:3 | Found Duvafyos's Magic Scroll Emporium.
 50252 | Vaults:3 | Bought a scroll of enchant armour for 165 gold pieces
 50252 | Vaults:3 | Bought a scroll of enchant weapon for 165 gold pieces
 50252 | Vaults:3 | Bought a scroll of magic mapping for 77 gold pieces
 50252 | Vaults:3 | Bought a scroll of identify for 44 gold pieces
 50252 | Vaults:3 | Bought a scroll of identify for 44 gold pieces
 50252 | Vaults:3 | Bought a scroll of identify for 44 gold pieces
 50946 | Vaults:3 | Received a gift from Trog
 51201 | Vaults:4 | Received a gift from Trog
 52344 | Vaults:4 | Received a gift from Trog
 52639 | Vaults:4 | Noticed Sojobo
 52668 | Vaults:4 | Killed Sojobo
 53447 | Vaults:4 | Noticed Margery
 53467 | Vaults:4 | Killed Margery
 53470 | Vaults:4 | Received a gift from Trog
 53766 | Vaults:4 | Reached XP level 21. HP: 177/202 MP: 21/26
 54076 | D:15     | Killed Roxanne
 54226 | Depths:1 | Entered Level 1 of the Depths
 54351 | Depths:1 | Received a gift from Trog
 55260 | Depths:1 | Found a gateway to Hell.
 55369 | Depths:1 | Found a one-way gate leading to the halls of Pandemonium.
 55382 | Depths:1 | Received a gift from Trog
 55820 | Depths:2 | Paralysed by a great orb of eyes for 6 turns
 55852 | Depths:2 | Reached skill level 27 in Axes
 57173 | Depths:3 | Received a gift from Trog
 57350 | Depths:3 | Reached skill level 10 in Evocations
 57682 | Depths:3 | Reached XP level 22. HP: 212/215 MP: 28/28
 57926 | Depths:4 | Found a one-way gate to the infinite horrors of the Abyss.
 57931 | Depths:4 | Received a gift from Trog
 57995 | Depths:4 | Found Otodwuri's Weapon Shop.
 58003 | Depths:4 | Bought the cursed +14 obsidian axe {chop, +Fly Str+3 SInv *Curse} for 1018 gold pieces
 58084 | Depths:4 | Noticed Jory
 58085 | Depths:4 | Noticed a golden dragon
 58092 | Depths:4 | Killed Jory
 58094 | Depths:4 | Killed a golden dragon
 58821 | Depths:4 | Got a transparent scale mail
 58832 | Depths:4 | Identified the cursed +0 scale mail of Action {Str+3} (You found it on level 4 of the Depths)
 58901 | Depths:5 | Entered Level 5 of the Depths
 58925 | Depths:5 | Noticed Mennas
 59071 | Depths:5 | Paralysed by a giant eyeball for 3 turns
 59092 | Depths:5 | Killed Mennas
 59338 | Depths:4 | Received a gift from Trog
 59339 | Depths:4 | Got a brightly glowing executioner's axe {god gift}
 59342 | Depths:4 | Identified the +2 executioner's axe of Terror {chop, rElec} (Trog gifted it to you on level 4 of the Depths)
 59432 | Depths:5 | Noticed a golden dragon
 59447 | Depths:5 | Killed a golden dragon
 60263 | Crypt:1  | Entered Level 1 of the Crypt
 60898 | Crypt:1  | Reached XP level 23. HP: 191/229 MP: 27/30
 61343 | Crypt:2  | Noticed Mara
 61344 | Crypt:2  | Noticed kspaans's illusion
 61364 | Crypt:2  | Killed Mara
 62288 | Crypt:2  | Gained mutation: You are weak. (Str -2) [a neqoxec]
 62394 | Crypt:3  | Entered Level 3 of the Crypt
 62621 | Crypt:3  | Received a gift from Trog
 62646 | Crypt:3  | Found an ancient bone altar of Kikubaaqudgha.
 62648 | Crypt:3  | Noticed an ancient lich
 62650 | Crypt:3  | Paralysed by a vampire knight for 2 turns
 62659 | Crypt:3  | Paralysed by an ancient lich for 4 turns
 62665 | Crypt:3  | Killed an ancient lich
 63275 | Crypt:3  | Identified a +2 rod of clouds (12/12) (You found it on level 3 of the Crypt)
 63276 | Crypt:3  | Identified a +7 rod of shadows (3/14) (You took it off a hell knight on level 3 of the Crypt)
 63402 | Crypt:3  | Found a staircase to the Tomb.
 63421 | Crypt:3  | Got a flickering golden amulet
 63423 | Crypt:3  | Identified the amulet of Suspected Treachery {rF+ Regen+ Dex+6} (You found it on level 3 of the Crypt)
 63429 | Crypt:3  | Got an ancient silver ring
 63431 | Crypt:3  | Identified the ring "Wapeh" {rN+ Str+4} (You found it on level 3 of the Crypt)
 63655 | Crypt:3  | Got a heavily runed pewter amulet
 63657 | Crypt:3  | Identified the amulet of Ilopris {rN+ MR+ Regen+ SInv Stlth+} (You took it off a skeletal warrior on level 3 of the Crypt)
 63697 | Tomb:1   | Entered Level 1 of the Tomb of the Ancients
 64082 | Depths:4 | Voluntarily entered the Abyss.
 64572 | Abyss:2  | Found a burning altar of Makhleb.
 64786 | Abyss:3  | Got an abyssal rune of Zot
 64910 | Depths:4 | Escaped the Abyss
 65226 | Vaults:3 | Reached XP level 24. HP: 224/244 MP: 31/31
 65338 | Vaults:5 | Entered Level 5 of the Vaults
 65378 | Vaults:5 | HP: 6/245 [acid (8)]
 65383 | Vaults:5 | HP: 11/245 [poisoned by a tengu reaver (bolt of poison)]
 65442 | Vaults:5 | HP: 3/245 [iron troll[the player character] (22)]
 65465 | Vaults:5 | Noticed an ancient lich
 65468 | Vaults:5 | Killed from afar by an ancient lich

Skill      XL: |  1  2  3  4  5  6  7  8  9 10 11 12 13 14 15 16 17 18 19 20 21 22 23 |
---------------+----------------------------------------------------------------------+-----
Fighting       | 4 5 6 7 8 9 10 11 12 13 14 15 16 18 20 22 24 25 | 25.9
Axes           | 4 5 6 7 8 10 12 14 16 18 20 22 23 25 26 27 | 27.0
Armour         | 3 4 6 7 9 11 12 14 15 16 17 18 19 20 21 22 23 24 | 24.3
Dodging        | 3 4 5 6 7 8 10 | 10.2
Stealth        | 1 |  1.0
Throwing       | 1 2 |  2.0
Evocations     | 1 3 5 8 10 11 12 | 12.3

Action                   |  1- 3 |  4- 6 |  7- 9 | 10-12 | 13-15 | 16-18 | 19-21 | 22-24 || total
-------------------------+-------+-------+-------+-------+-------+-------+-------+-------++-------
Melee: Hand axe          |    51 |   151 |   457 |   213 |       |       |       |       ||   872
       Headbutt          |    13 |    26 |    84 |   166 |   245 |   381 |   409 |   343 ||  1667
       War axe           |       |       |       |   157 |       |       |       |       ||   157
       Battleaxe         |       |       |       |   395 |   871 |  1219 |   239 |   159 ||  2883
       Great sword       |       |       |       |     2 |       |       |       |       ||     2
       Executioner's axe |       |       |       |       |    95 |    14 |   983 |   122 ||  1214
       Broad axe         |       |       |       |       |       |       |       |   641 ||   641
Throw: Javelin           |       |       |       |     7 |    23 |     5 |       |       ||    35
Invok: Berserk           |       |     4 |     7 |    13 |    14 |     9 |     5 |     2 ||    54
       Trog's Hand       |       |     1 |       |       |       |     4 |       |     5 ||    10
       Burn Spellbooks   |       |       |     2 |     2 |     2 |     4 |     4 |       ||    14
       Brothers in Arms  |       |       |     1 |     4 |     4 |    12 |     3 |     5 ||    29
 Abil: Evoke Blink       |       |       |       |       |       |       |     5 |    16 ||    21
       Evoke Flight      |       |       |       |       |       |       |     1 |       ||     1
Evoke: Box of beasts     |       |       |       |     1 |       |     4 |    16 |       ||    21
       Wand              |       |       |       |       |    15 |    67 |    52 |     7 ||   141
       Deck              |       |       |       |       |       |       |       |     3 ||     3
  Use: Scroll            |     2 |     4 |    13 |    16 |    22 |    19 |    25 |    26 ||   127
       Potion            |       |     2 |       |     2 |    11 |    17 |     4 |    13 ||    49
 Stab: Sleeping          |     1 |       |       |       |       |       |       |       ||     1
       Invisible         |       |     2 |       |       |       |       |       |     1 ||     3
       Petrified         |       |       |       |       |     2 |       |       |       ||     2
       Distracted        |       |       |       |       |     1 |     3 |     3 |    16 ||    23
       Confused          |       |       |       |       |       |     4 |       |       ||     4
  Eat: Chunk             |       |     8 |     2 |    11 |     6 |     5 |    12 |     1 ||    45
       Fruit             |       |     3 |       |     9 |     9 |     2 |     6 |       ||    29
       Meat ration       |       |     1 |       |     3 |     3 |     6 |     1 |     1 ||    15
       Bread ration      |       |       |     6 |     2 |       |     1 |     3 |     3 ||    15
       Pizza             |       |       |     1 |     2 |     3 |     3 |     2 |     1 ||    12
       Royal jelly       |       |       |     1 |       |     8 |     4 |     1 |       ||    14
       Beef jerky        |       |       |       |     3 |     3 |     2 |     4 |     2 ||    14
Armor: Animal skin       |     3 |       |       |       |       |       |       |       ||     3
       Leather armour    |     7 |       |       |       |       |       |       |       ||     7
       Ring mail         |     3 |     4 |       |       |       |       |       |       ||     7
       Chain mail        |       |    67 |   255 |   382 |   348 |    14 |       |       ||  1066
       Plate armour      |       |       |       |       |   168 |   891 |   695 |   641 ||  2395
Dodge: Dodged            |    34 |    75 |   241 |   418 |   511 |   764 |   735 |   627 ||  3405
